 Dungeon Sprint DCSS version 0.22.1-2-g9c5b331 (webtiles) character file.

8313 doot the Imperceptible (level 11, -2/50 HPs)
             Began as a Spriggan Enchanter on Jan 3, 2019.
             Was the Champion of Jiyva.
             Slain by a spriggan berserker
             ... wielding a +0 rapier
              (35 damage)
             ... in the Dungeon (Sprint IV: "Fedhas' Mad Dash").
             The game lasted 00:15:57 (2465 turns).

doot the Imperceptible (Spriggan Enchanter)         Turns: 2465, Time: 00:15:59

Health: -2/50      AC:  2    Str:  5    XL:     11   Next: 8%
Magic:  24/29      EV: 24    Int: 17    God:    Jiyva [******]
Gold:   17         SH:  0    Dex: 19    Spells: 25/37 levels left

rFire    . . .     SeeInvis +   o - +0 rapier
rCold    . . .     Gourm    .   (shield restricted)
rNeg     . . .     Faith    .   b - +0 robe
rPois    .         Spirit   .   (helmet restricted)
rElec    .         Reflect  .   (no cloak)
rCorr    +         Harm     .   (gloves unavailable)
MR       +++..     NoTele   +   (boots unavailable)
Stlth    +++++++++.             c - amulet of invisibility {+Inv}
HPRegen  0.16/turn              k - ring of protection from magic
MPRegen  0.21/turn              (no ring)

@: very quick
A: very small, unfitting armour, antennae 2, talons 1, see invisible, herbivore,
speed 3, magic resistance 1, slow metabolism 2, eyeballs 1
a: Request Jelly, Slimify, Cure Bad Mutation, Renounce Religion, Evoke
Invisibility


You were in the Dungeon.
You worshipped Jiyva.
Jiyva was exalted by your worship.
You were full.

You visited 1 branch You collected 154 gold pieces.
You spent 137 gold pieces at shops.

Inventory:

Hand Weapons
 a - a +1 dagger
 m - a +0 blowgun
 o - a +0 rapier (weapon)
 p - a +2 lajatang of electrocution
 q - a +0 hand crossbow of flaming
Armour
 b - a +0 robe (worn)
Jewellery
 c - the amulet of invisibility (around neck) {+Inv}
   (You found it in the Dungeon)

   [amulet of nothing]

   It lets you turn invisible.
 k - a ring of protection from magic (left hand)
Scrolls
 j - a scroll of blinking
 l - a scroll of enchant armour
 n - a scroll of identify {unknown}
Potions
 e - a potion of curing
 f - 2 potions of heal wounds
 g - 3 potions of haste
 h - 2 potions of magic
 i - 2 potions of berserk rage
Comestibles
 d - 4 rations


   Skills:
 + Level 2.2 Fighting
 + Level 6.8 Short Blades
 + Level 8.0 Dodging
 + Level 23.3 Stealth
 + Level 13.7 Spellcasting
 + Level 2.9 Conjurations
 + Level 15.0 Hexes
 + Level 3.9 Ice Magic
 + Level 8.6 Evocations


You had 25 spell levels left.
You knew the following spells:

 Your Spells              Type           Power        Failure   Level  Hunger
a - Corona                Hex            ######.      0%          1    None
b - Ensorcelled Hibernat  Hex/Ice        #####.       1%          2    None
c - Confuse               Hex            ######..     1%          3    None
d - Dazzling Spray        Conj/Hex       #####.       1%          3    None
e - Tukima's Dance        Hex            ######..     1%          3    None

Your spell library contained the following spells:

 Spells                   Type           Power        Failure   Level  Hunger
 Confusing Touch          Hex            ######       0%          1    None
 Animate Skeleton         Necr           N/A          6%          1    None
 Apportation              Tloc           ##....       6%          1    None
 Summon Small Mammal      Summ           ##..         6%          1    None


Dungeon Overview and Level Annotations

Branches:
Dungeon (1/1)

Altars:
Cheibriados
Dithmenos
Elyvilon
Gozag
Hepliaklqana
Kikubaaqudgha
Makhleb
Nemelex Xobeh
Okawaru
Qazlal
Ru
Sif Muna
Trog
Uskayaw
Vehumet
Wu Jian
Xom
Yredelemnul
Zin
The Shining One
Beogh
Jiyva
Lugonu

Shops:
D (:!*!!*!*=!


Innate Abilities, Weirdness & Mutations

You are very small and have problems with some larger weapons.
You are too small for most types of armour.
You have supernaturally acute eyesight. (SInv)
You are a herbivore.
You cover ground extremely quickly.
You need to consume almost no food.
You have a pair of antennae on your head.
You have sharp toenails.
You are resistant to hostile enchantments. (MR+)
Your body has grown golden eyes which may confuse attackers. (Acc +3)


Message History

Aim: a spriggan berserker, wielding a rapier and wearing an animal skin The spray of energy hits the spriggan berserker.
The spriggan berserker is lightly wounded.
The spray of energy hits the fungus.
You destroy the fungus!
The spriggan berserker misses you.
The spriggan berserker hits you with a rapier!!
You shudder from the blow and a jelly pops out!
You puncture the spriggan berserker!
The spriggan berserker is lightly wounded.
You hear a trumpeting!
The spriggan berserker closely misses you.
Your magical contamination has completely faded away.
You closely miss the spriggan berserker.
The spriggan berserker is lightly wounded.
Your death ooze barely misses the spriggan berserker.
Your death ooze completely misses the spriggan berserker.
The spriggan berserker hits you with a rapier!!
Ouch! That really hurt!
You die...

#################################
#.⌠._._._._.⌠.#......#....##∩##)#
..._._._._._.....#...#....'..##'#
#..._._._._...#..###'##...##∩#..#
#..J._._._._..#..##∩∩.'..J#####..
#._J_._{_{{.⌠.#################..
###################...J..###.....
#♣♣♣♣♣..♣.###.'J@'.............♣.
......♣..♣##..#.i#J......########
♣..♣♣♣.♣..###.##'##......#
.♣♣..♣...♣'...#♣.♣########
###############.....#### ......#
###..♣..♣....###
....P.#####...♣......♣...♣###
....P.i..i.....♣.....∩.∩....#
........#####################


You could see a spriggan berserker (berserk), 2 neutral jellies (fellow slime)
and a friendly death ooze.

Vanquished Creatures
  A spriggan druid (D)
  8 oklob plants (D)
  3 demonic crawlers (D)
  A queen bee (D)
  3 burning bushes (D)
  3 wandering mushrooms (D)
  3 hornets (D)
  4 spriggans (D)
  A scorpion (D)
  4 killer bees (D)
  5 oklob saplings (D)
  A worker ant (D)
  A river rat (D)
  A rat (D)
  9 ballistomycetes (D)
  4 ballistomycete spores (D)
  A fungus (D)
53 creatures vanquished.

Vanquished Creatures (collateral kills)
  A spriggan defender (D)
  A spriggan berserker (D)
2 creatures vanquished.

Vanquished Creatures (others)
  An oklob plant (D)
  A slime creature (D)
  A hornet (D)
  A scorpion (D)
  24 jellies (D)
  2 spriggans (D)
  4 ballistomycetes (D)
  3 ballistomycete spores (D)
  A bush (D)
  10 fungi (D)
48 creatures vanquished.

Grand Total: 103 creatures vanquished

Notes
Turn   | Place    | Note
-------+----------+-------------------------------------------
     0 | D        | doot the Spriggan Enchanter began the quest for the Orb.
     0 | D        | Reached XP level 1. HP: 9/9 MP: 5/5
     8 | D        | Reached skill level 5 in Stealth
     8 | D        | Reached XP level 2. HP: 13/13 MP: 7/7
    14 | D        | Learned a level 2 spell: Ensorcelled Hibernation
    15 | D        | Noticed an oklob sapling
    17 | D        | Killed an oklob sapling
    17 | D        | Reached skill level 7 in Stealth
    17 | D        | Reached skill level 5 in Hexes
    17 | D        | Reached XP level 3. HP: 16/16 MP: 7/9
    20 | D        | Found the amulet of invisibility {+Inv}
    21 | D        | Reached skill level 8 in Stealth
    39 | D        | Noticed an oklob sapling
    42 | D        | Killed an oklob sapling
    42 | D        | Reached skill level 9 in Stealth
    42 | D        | Reached XP level 4. HP: 21/21 MP: 7/11
    45 | D        | Found an opulent altar of Gozag.
    45 | D        | Found a hazy altar of Hepliaklqana.
    45 | D        | Found a roughly hewn altar of Beogh.
    45 | D        | Found a snail-covered altar of Cheibriados.
    46 | D        | Found a viscous altar of Jiyva.
    46 | D        | Found a burning altar of Makhleb.
    46 | D        | Found a sparkling altar of Nemelex Xobeh.
    46 | D        | Found a sacrificial altar of Ru.
    46 | D        | Found a deep blue altar of Sif Muna.
    46 | D        | Found a bloodstained altar of Trog.
    46 | D        | Found an ornate altar of the Wu Jian Council.
    46 | D        | Found a shimmering altar of Xom.
    46 | D        | Found a basalt altar of Yredelemnul.
    47 | D        | Found an iron altar of Okawaru.
    47 | D        | Found a glowing silver altar of Zin.
    47 | D        | Found a shadowy altar of Dithmenos.
    48 | D        | Found a hide-covered altar of Uskayaw.
    48 | D        | Found an ancient bone altar of Kikubaaqudgha.
    49 | D        | Found a stormy altar of Qazlal.
    49 | D        | Found a glowing golden altar of the Shining One.
    49 | D        | Found a white marble altar of Elyvilon.
    50 | D        | Found a radiant altar of Vehumet.
    50 | D        | Found a corrupted altar of Lugonu.
    53 | D        | Reached skill level 5 in Dodging
    53 | D        | Reached skill level 10 in Stealth
    53 | D        | Reached skill level 5 in Spellcasting
    53 | D        | Reached skill level 1 in Evocations
    55 | D        | Became a worshipper of Jiyva Jeecaehi the Shapeless
    79 | D        | Reached * piety under Jiyva
    86 | D        | Reached ** piety under Jiyva
   216 | D        | Learned a level 3 spell: Confuse
   220 | D        | Learned a level 3 spell: Dazzling Spray
   224 | D        | Learned a level 3 spell: Tukima's Dance
   225 | D        | Noticed a queen bee
   233 | D        | Reached skill level 11 in Stealth
   233 | D        | Reached XP level 5. HP: 24/24 MP: 9/14
   334 | D        | Reached skill level 12 in Stealth
   337 | D        | Reached XP level 6. HP: 28/28 MP: 11/16
   339 | D        | Killed a queen bee
   339 | D        | Reached skill level 14 in Stealth
   339 | D        | Reached skill level 10 in Hexes
   339 | D        | Reached skill level 1 in Ice Magic
   339 | D        | Reached XP level 7. HP: 32/32 MP: 9/18
   416 | D        | Noticed an oklob plant
   418 | D        | Killed an oklob plant
   418 | D        | Reached skill level 16 in Stealth
   418 | D        | Reached skill level 5 in Evocations
   431 | D        | Noticed a burning bush
   435 | D        | Killed a burning bush
   435 | D        | Reached skill level 17 in Stealth
   435 | D        | Reached XP level 8. HP: 36/36 MP: 21/21
   449 | D        | Noticed a burning bush
   449 | D        | Noticed an oklob plant
   450 | D        | Noticed a wandering mushroom
   451 | D        | Killed a burning bush
   456 | D        | Killed an oklob plant
   456 | D        | Reached skill level 18 in Stealth
   463 | D        | Reached *** piety under Jiyva
   471 | D        | Killed a wandering mushroom
   471 | D        | Reached skill level 19 in Stealth
   471 | D        | Reached XP level 9. HP: 39/39 MP: 19/23
   479 | D        | Gained mutation: Your muscles are strong. (Str +2) [Jiyva's
                  | grace]
   586 | D        | Noticed a wandering mushroom
   682 | D        | Found Areseguf's Distillery.
   683 | D        | Found Vaorgh's General Store.
   684 | D        | Noticed a burning bush
   688 | D        | Bought a scroll of enchant armour for 82 gold pieces
   693 | D        | Noticed a wandering mushroom
   697 | D        | Killed a wandering mushroom
   707 | D        | Killed a burning bush
   707 | D        | Reached skill level 20 in Stealth
   707 | D        | Reached skill level 10 in Spellcasting
   709 | D        | Found Caorhits's Assorted Antiques.
   709 | D        | Found Difis's Distillery.
   733 | D        | Killed a wandering mushroom
   881 | D        | Noticed a spriggan druid
   882 | D        | Killed a spriggan druid
   899 | D        | Noticed an oklob plant conjurer
   900 | D        | Killed an oklob plant conjurer
   900 | D        | Reached skill level 5 in Short Blades
   900 | D        | Reached skill level 21 in Stealth
   935 | D        | Killed an oklob plant
   962 | D        | Reached **** piety under Jiyva
  1024 | D        | Gained mutation: You have a pair of small antennae on your
                  | head. [Jiyva's grace]
  1024 | D        | Reached ***** piety under Jiyva
  1026 | D        | Gained mutation: You are partially covered in thin metallic
                  | scales. (AC +2) [Jiyva's grace]
  1130 | D        | Noticed an oklob plant
  1130 | D        | Noticed an oklob plant summoner
  1133 | D        | Noticed an oklob plant shifter
  1145 | D        | Killed an oklob plant
  1145 | D        | Reached XP level 10. HP: 44/44 MP: 21/26
  1152 | D        | Killed an oklob plant summoner
  1215 | D        | Noticed a spriggan rider
  1252 | D        | Reached skill level 1 in Fighting
  1257 | D        | Reached skill level 22 in Stealth
  1588 | D        | Noticed Agnes
  1603 | D        | Killed an oklob plant shifter
  1603 | D        | Reached skill level 1 in Conjurations
  1610 | D        | Found Qybity's Jewellery Emporium.
  1611 | D        | Found Uziaforr's Distillery.
  1652 | D        | Found Sung's Distillery.
  1652 | D        | Noticed a spriggan berserker
  1654 | D        | Found Enaett's Assorted Antiques.
  1656 | D        | Slimified Agnes
  1656 | D        | Noticed Agnes
  1656 | D        | Agnes changed into Agnes the slime creature
  1662 | D        | Gained mutation: You have a pair of antennae on your head.
                  | [Jiyva's grace]
  1662 | D        | Lost mutation: Your muscles are strong. (Str +2) [Jiyva's
                  | grace]
  1664 | D        | Noticed a death yak
  1667 | D        | Noticed a spriggan defender
  1669 | D        | Reached ****** piety under Jiyva
  1671 | D        | Noticed a death yak
  1678 | D        | Killed Agnes the slime creature
  1678 | D        | Gained mutation: You are resistant to hostile enchantments.
                  | (MR+) [Jiyva's grace]
  1679 | D        | Gained mutation: Your body has grown golden eyes which may
                  | confuse attackers. (Acc +3) [Jiyva's grace]
  1683 | D        | Gained mutation: You have sharp toenails. [Jiyva's grace]
  1698 | D        | Lost mutation: You are partially covered in thin metallic
                  | scales. (AC +2) [Jiyva's grace]
  1717 | D        | HP: 1/46 [spriggan berserker/rapier (31)]
  1718 | D        | Killed a spriggan berserker
  1721 | D        | Killed a spriggan defender
  1983 | D        | Bought a potion of berserk rage for 55 gold pieces
  2233 | D        | Noticed a spriggan rider
  2236 | D        | Killed a spriggan rider
  2236 | D        | Reached skill level 23 in Stealth
  2237 | D        | Noticed an oklob plant meteorologist
  2241 | D        | Found Vieghuul's Distillery.
  2241 | D        | Found Bafitt's Book Boutique.
  2241 | D        | Found Xeloilio's Antique Weapon Shoppe.
  2320 | D        | Noticed an oklob plant shifter
  2326 | D        | Noticed a ghost moth
  2339 | D        | Killed an oklob plant meteorologist
  2339 | D        | Reached XP level 11. HP: 50/50 MP: 19/29
  2347 | D        | Killed an oklob plant shifter
  2347 | D        | Reached skill level 15 in Hexes
  2352 | D        | Noticed a spriggan berserker
  2465 | D        | Slain by a spriggan berserker

Skill      XL: |  1  2  3  4  5  6  7  8  9 10 11 |
---------------+----------------------------------+-----
Stealth        | 5 7 9 11 12 14 17 19 21 23 | 23.3
Spellcasting   | 3 4 5 6 7 8 9 11 13 | 13.7
Hexes          | 4 5 7 8 9 10 11 13 14 15 | 15.0
Dodging        | 4 5 6 7 8 |  8.0
Short Blades   | 2 3 4 5 6 |  6.8
Evocations     | 2 3 4 5 7 8 |  8.6
Ice Magic      | 1 2 3 |  3.9
Fighting       | 2 |  2.2
Conjurations   | 2 |  2.9

Action                   |  1- 3 |  4- 6 |  7- 9 | 10-12 || total
-------------------------+-------+-------+-------+-------++-------
Melee: Dagger            |     5 |     6 |    50 |    32 ||    93
       Rapier            |       |       |       |    76 ||    76
       Kick              |       |       |       |    31 ||    31
 Cast: Ensorcelled Hiber |       |     7 |       |     1 ||     8
       Confuse           |       |     1 |     9 |    13 ||    23
       Dazzling Spray    |       |       |       |    30 ||    30
Invok: Slimify           |       |       |       |     1 ||     1
 Abil: Evoke Invisibilit |     1 |     1 |     2 |     1 ||     5
 Stab: Sleeping          |     5 |     6 |    10 |     2 ||    23
       Invisible         |       |       |     3 |    14 ||    17
       Confused          |       |       |     4 |     1 ||     5
Armor: Robe              |       |       |       |     2 ||     2
Dodge: Dodged            |       |     7 |     6 |    50 ||    63
